 Dungeon Crawl Stone Soup version 0.25-a0-10-g2fe12d4386 (webtiles) character file.

Game seed: 18302021751241492280, levelgen mode: deterministic

1460 MalarOregon the Conjurer (level 8, -2/67 HPs)
             Began as a White Draconian Conjurer on Oct 15, 2019.
             Was a Priest of Makhleb.
             Slain by Menkaure (15 damage)
             ... on level 6 of the Dungeon.
             The game lasted 00:08:34 (4916 turns).

MalarOregon the Conjurer (White Draconian Conjurer) Turns: 4916, Time: 00:08:35

Health: -2/67      AC: 10    Str: 11    XL:     8   Next: 48%
Magic:  1/13       EV: 14    Int: 17    God:    Makhleb [***...]
Gold:   251        SH:  5    Dex: 12    Spells: 13/14 levels left

rFire    + + .     SeeInvis .   z - +2 rapier (speed)
rCold    + + .     Gourm    .   n - +0 buckler (curse)
rNeg     . . .     Faith    .   (armour unavailable)
rPois    +         Spirit   .   (helmet restricted)
rElec    +         Reflect  .   D - +1 cloak
rCorr    +         Harm     .   k - +0 pair of gloves
MR       .....                  y - +0 pair of boots
Stlth    ++........             (no amulet)
HPRegen  0.21/turn              i - ring of protection from fire
MPRegen  0.13/turn              b - ring of resist corrosion

@: short of breath, resistant
A: breathe frost, unfitting armour, cold resistance 1, cold-blooded, AC +6
a: Breathe Frost, Minor Destruction, Lesser Servant of Makhleb, Renounce
Religion


You were on level 6 of the Dungeon.
You worshipped Makhleb.
Makhleb was most pleased with you.
You were not hungry.

You visited 2 branches of the dungeon, and saw 7 of its levels.

You collected 251 gold pieces.

Inventory:

Hand Weapons
 z - a +2 rapier of speed (weapon)
   (You found it on level 4 of the Dungeon)
Missiles
 x - 3 curare-tipped darts (quivered) {!f}
 C - 2 throwing nets {!f}
Armour
 k - a +0 pair of gloves (worn)
   (You found it on level 2 of the Dungeon)
 n - a cursed +0 buckler (worn)
   (You took it off a kobold on level 2 of the Dungeon)
 s - a cursed +0 buckler
   (You found it on level 3 of the Dungeon)
 y - a +0 pair of boots (worn)
   (You found it on level 4 of the Dungeon)
 D - a +1 cloak (worn)
   (You took it off Crazy Yiuf on level 5 of the Dungeon)
Jewellery
 b - a ring of resist corrosion (right hand)
   (You found it on level 1 of the Dungeon)
 i - a ring of protection from fire (left hand)
   (You found it on level 1 of the Dungeon)
 w - an uncursed ring of protection from fire
   (You found it on level 3 of the Dungeon)
 A - a +1 ring of protection {unknown}
   (You found it on level 5 of the Dungeon)
Wands
 t - a wand of enslavement (7)
   (You found it on level 6 of the Dungeon)
 v - a wand of digging (1)
   (You found it on level 4 of the Dungeon)
Scrolls
 d - 5 scrolls of teleportation {unknown}
 h - 2 scrolls of magic mapping {unknown}
 j - 6 scrolls of identify {unknown}
 l - a scroll of immolation {unknown}
 m - a scroll of enchant armour {unknown}
 r - a scroll of random uselessness {unknown}
 u - 4 scrolls of remove curse {unknown}
 B - a scroll of amnesia {unknown}
Potions
 a - 2 potions of degeneration {unknown}
 g - a potion of brilliance {unknown}
 o - 2 potions of curing {unknown}
 p - 2 potions of might {unknown}
Comestibles
 e - 12 rations {!d}
 f - 14 chunks of flesh


   Skills:
 * Level 4.8 Fighting
 * Level 3.2 Short Blades
   Level 2.4 Maces & Flails
 * Level 4.4 Dodging
 - Level 1.7 Stealth
 * Level 3.8 Shields
 + Level 3.6 Spellcasting
 + Level 5.2 Conjurations
 + Level 2.8 Invocations


You had 13 spell levels left.
You knew the following spells:

 Your Spells              Type           Power        Failure   Level  Hunger
a - Magic Dart            Conj           ###.         1%          1    None

Your spell library contained the following spells:

 Spells                   Type           Power        Failure   Level  Hunger
 Searing Ray              Conj           ###...       3%          2    ##.....
 Confusing Touch          Hex            #.....       17%         1    None
 Dazzling Spray           Conj/Hex       ##....       17%         3    ###....
 Iskenderun's Mystic Bla  Conj           ###.....     19%         4    ####...
 Confuse                  Hex            #.......     45%         3    ###....
 Gell's Gravitas          Tloc           #.........   45%         3    ###....
 Force Lance              Conj/Tloc      ##......     50%         4    ####...
 Fulminant Prism          Conj/Hex       ##........   50%         4    ####...
 Petrify                  Tmut/Erth      #.......     86%         4    ####...
 Metabolic Englaciation   Hex/Ice        #.........   99%         5    ######.
 Yara's Violent Unravell  Hex/Tmut       #.........   99%         5    ######.


Dungeon Overview and Level Annotations

Branches:
Dungeon (6/15)             Temple (1/1) D:4

Altars:
Cheibriados
Elyvilon
Fedhas
Kikubaaqudgha
Makhleb
Nemelex Xobeh
Okawaru
Sif Muna
Trog
Uskayaw
Xom
Yredelemnul
Zin
The Shining One

Annotations:
D:6 Menkaure


Innate Abilities, Weirdness & Mutations

You can breathe waves of freezing cold.
You can buffet flying creatures when you breathe cold.
Your icy white scales are hard. (AC +6)
You cannot fit into any form of body armour.
Your flesh is cold resistant. (rC+)
You are cold-blooded and may be slowed by cold attacks.


Message History

You feel sick.
You feel sick.
Menkaure, Prince of Dust comes into view.
Aim: Menkaure (resting)
The magic dart hits Menkaure.
Menkaure shouts!
Aim: Menkaure (lightly damaged)
The magic dart hits Menkaure.
Aim: Menkaure (lightly damaged)
The magic dart hits Menkaure.
You feel sick.
Menkaure casts a spell.
Menkaure seems to speed up.
Aim: Menkaure (lightly damaged, fast)
The magic dart hits Menkaure.
Aim: Menkaure (moderately damaged, fast)
The magic dart hits Menkaure.
Aim: Menkaure (moderately damaged, fast)
The magic dart hits Menkaure but does no damage.
Menkaure calls on the powers of darkness!
Your body is wracked with pain!
* * * LOW HITPOINT WARNING * * *
Aim: Menkaure (moderately damaged, fast)
You exhale a wave of freezing cold.
The freezing breath hits Menkaure.
Menkaure resists.
You feel somewhat more hungry.
You feel sick.
You are no longer poisoned.
Aim: Menkaure (heavily damaged, fast)
The magic dart hits Menkaure but does no damage.
Okay, then.
Okay, then.
Menkaure closely misses you.
You hit Menkaure.
Menkaure points at you and mumbles some strange words.
Pain shoots through your body!
* * * LOW HITPOINT WARNING * * *
You completely miss Menkaure. Menkaure closely misses you.
Unknown command.
You barely miss Menkaure. You block Menkaure's attack.
You barely miss Menkaure. You tail-slap Menkaure.
Unknown command.
You hit Menkaure.
Menkaure calls on the powers of darkness!
Your body is wracked with pain!
* * * LOW HITPOINT WARNING * * *
It was a potion of cancellation.
You feel magically purged.
You hear the hiss of a very distant avalanche of sand.
Menkaure closely misses you.
It was a potion of resistance.
You feel protected. Menkaure hits you but does no damage. Menkaure hits you!
You die...

# #.# #. #.# . #.####.##
..#....... .........# ..
#......##### ...
#..........# ...
#.###M####.#
###.####.###@## #.#
.........##...###.####.#.
...............##........
.###...##........|...#.
##.####†###########
#...##.# . ###.##.# .o
.######.##.# .#
...........#


You could see Menkaure.

Vanquished Creatures
  Sigmund (D:5)
  A water moccasin (D:6)
  An orc warrior (D:6)
  An ogre (D:5)
  A black bear (D:3)
  2 wyvern zombies (D:6)
  A bullfrog (D:6)
  A howler monkey (D:5)
  A crimson imp (D:5)
  A centaur zombie (D:5)
  An orc priest (D:5)
  Crazy Yiuf (D:5)
  A hound (D:6)
  6 orc wizards
  A centaur skeleton (D:4)
  Ijyb (D:5)
  6 worker ants
  5 adders
  A shadow imp (D:5)
  2 adder zombies (D:5)
  A worm (D:4)
  A dart slug (D:1)
  2 leopard geckos (D:4)
  19 orcs
  5 bats (D:1)
  3 giant cockroaches
  8 hobgoblins
  17 jackals
  9 kobolds
  2 quokkas
  2 ball pythons
  4 frilled lizards (D:1)
  6 goblins
  2 jackal skeletons (D:4)
  A jackal zombie (D:5)
  11 rats
  A fungus (D:5)
130 creatures vanquished.

Vanquished Creatures (others)
  A fungus (D:5)
1 creature vanquished.

Grand Total: 131 creatures vanquished

Notes
Turn   | Place    | Note
-------+----------+-------------------------------------------
     0 | D:1      | MalarOregon the Draconian Conjurer began the quest for the
                  | Orb.
     0 | D:1      | Reached XP level 1. HP: 14/14 MP: 3/3
   270 | D:1      | Reached XP level 2. HP: 21/22 MP: 5/5
   326 | D:1      | Reached skill level 1 in Fighting
   584 | D:1      | Reached XP level 3. HP: 23/28 MP: 6/6
   763 | D:2      | Found a faded altar of an unknown god.
  1143 | D:2      | Found a glowing golden altar of the Shining One.
  1250 | D:2      | Became a worshipper of Makhleb the Destroyer
  1250 | D:2      | Reached * piety under Makhleb
  1284 | D:3      | Reached skill level 1 in Maces & Flails
  1305 | D:2      | Reached XP level 4. HP: 15/36 MP: 0/7
  1855 | D:3      | Found a sparkling altar of Nemelex Xobeh.
  2103 | D:3      | Found a hide-covered altar of Uskayaw.
  2171 | D:3      | Noticed a black bear
  2180 | D:3      | Killed a black bear
  2180 | D:3      | Reached skill level 1 in Shields
  2180 | D:3      | Reached XP level 5. HP: 40/42 MP: 5/9
  2467 | D:4      | Reached ** piety under Makhleb
  2530 | D:4      | Reached XP level 6. HP: 37/50 MP: 5/10
  2544 | D:4      | Reached skill level 1 in Invocations
  2638 | D:4      | Found a staircase to the Ecumenical Temple.
  2655 | Temple   | Entered the Ecumenical Temple
  2912 | D:4      | Found a shimmering blue altar of Sif Muna.
  3514 | D:5      | Entered Level 5 of the Dungeon
  3537 | D:5      | Reached skill level 1 in Short Blades
  3597 | D:5      | Your scales start taking on an icy white colour.
  3597 | D:5      | Reached XP level 7. HP: 50/57 MP: 0/11
  3597 | D:5      | Gained mutation: Your flesh is cold resistant. (rC+) [White
                  | Draconian growth]
  3899 | D:5      | Noticed Ijyb
  3941 | D:5      | Killed Ijyb
  3958 | D:5      | Noticed Sigmund
  3966 | D:5      | Killed Sigmund
  4259 | D:5      | Reached *** piety under Makhleb
  4543 | D:5      | Reached skill level 5 in Conjurations
  4543 | D:5      | Reached XP level 8. HP: 66/66 MP: 13/13
  4623 | D:5      | Found a runed translucent door.
  4624 | D:5      | Noticed Crazy Yiuf
  4634 | D:5      | Killed Crazy Yiuf
  4898 | D:6      | Noticed Menkaure
  4916 | D:6      | Slain by Menkaure

Levels and vault maps discovered:
D:1:      ebering_trefoil_twist, layout_basic
D:2:      layout_loops_ring, tso_oasis_becter, chequers_ecumenical_altar_island,
          first_ration
D:3:      layout_rooms, old_standard_altar, nicolae_overflow_crystal_walls
D:4:      layout_loops_corners, lemuel_blue_sif_altar,
          minmay_temple_entry_offerings
D:5:      layout_loops_ring, uniq_crazy_yiuf_cottage, uniq_ijyb, uniq_sigmund
D:6:      layout_loops_ring, old_standard_altar, nicolae_ru_awakened_eye,
          lightli_ossuary_entry_decrepit_ruins, grunt_ministairs_6,
          uniq_menkaure
Temple:   eino_temple_lava

Skill      XL: |  1  2  3  4  5  6  7  8 |
---------------+-------------------------+-----
Dodging        | 2 3 4 |  4.4
Fighting       | 1 2 3 4 |  4.8
Maces & Flails | 1 2 |  2.4
Shields        | 1 2 3 |  3.8
Invocations    | 1 2 |  2.8
Spellcasting   | 3 |  3.6
Short Blades   | 1 2 3 |  3.2
Conjurations   | 5 |  5.2
Stealth        | |  1.7

Action                   |  1- 3 |  4- 6 |  7- 9 || total
-------------------------+-------+-------+-------++-------
Melee: Unarmed           |     8 |       |       ||     8
       Tailslap          |     9 |    20 |    26 ||    55
       Mace              |    82 |    91 |       ||   173
       Rapier            |       |   116 |   183 ||   299
Throw: Dart              |       |     3 |     3 ||     6
 Cast: Magic Dart        |    25 |    46 |    49 ||   120
 Abil: Breathe Frost     |       |       |     4 ||     4
  Use: Potion            |       |       |     2 ||     2
 Stab: Sleeping          |     3 |     3 |       ||     6
  Eat: Chunk             |     2 |     8 |     5 ||    15
Armor: Skin              |    36 |    79 |    68 ||   183
Dodge: Dodged            |    98 |   119 |    87 ||   304
Block: Buckler           |     3 |    25 |    33 ||    61

Table legend:
 A = Non-vault XP
 B = Vault XP
 C = Vault XP percentage of total XP
 D = Non-vault monster count
 E = Vault monster count
 F = Vault count percentage of total count
                 A         B        C        D         E       F
            +---------+---------+-------+---------+---------+-------
      Total |    1779 |     307 |  14.7 |     126 |       3 |   2.3
            +---------+---------+-------+---------+---------+-------
        D:1 |      42 |       0 |   0.0 |      29 |       0 |   0.0
        D:2 |      67 |       0 |   0.0 |      12 |       0 |   0.0
        D:3 |     184 |       0 |   0.0 |      14 |       0 |   0.0
        D:4 |     409 |       0 |   0.0 |      33 |       0 |   0.0
        D:5 |     465 |     307 |  39.8 |      27 |       3 |  10.0
        D:6 |     612 |       0 |   0.0 |      11 |       0 |   0.0
            +---------+---------+-------+---------+---------+-------
